 Dungeon Crawl Stone Soup version 0.28.0-45-g0d030f2227 (webtiles) character file.

Game seed: 5307906646656988282

318 zeratav the Insei (level 6, -1/41 HPs)
             Began as an Octopode Transmuter on Apr 12, 2022.
             Slain by a gnoll
             ... wielding a +0 club
              (3 damage)
             ... on level 3 of the Dungeon.
             The game lasted 00:05:19 (3673 turns).

zeratav the Insei (Octopode Transmuter)             Turns: 3673, Time: 00:05:19

Health: -1/41      AC:  8    Str:  9    XL:     6   Next: 45%
Magic:  9/9        EV: 14    Int: 15    God:
Gold:   178        SH:  0    Dex: 15    Spells: 5/9 levels left

rFire   . . .      SeeInvis .   b - +1 dagger (protect) {short}
rCold   . . .      Faith    .   (no shield)
rNeg    . . .      Spirit   .   (helmet restricted)
rPois   .          Reflect  .   (no amulet)
rElec   .          Harm     .   (no ring)
rCorr   .          Rampage  .   (no ring)
Will    .....                   (no ring)
Stlth   ++++......              (no ring)
HPRegen 0.13/turn               (no ring)
MPRegen 0.11/turn               (no ring)
                                (no ring)
                                (no ring)

@: under a protective aura
A: almost no armour, amphibious, 8 rings, camouflage 1, gelatinous body 1,
(nimble swimmer 1), tentacles
a: no special abilities


You were on level 3 of the Dungeon.
You visited 1 branch of the dungeon, and saw 4 of its levels.

You collected 178 gold pieces.


Innate Abilities, Weirdness & Mutations

You cannot wear most types of armour.
You are amphibious.
You can wear up to eight rings at the same time.
Your skin changes colour to match your surroundings (Stealth+).
Your rubbery body absorbs attacks. (AC +1, EV +1)
((You are camouflaged when in or above water. (Stealth+)))
You have tentacles for arms and can constrict up to eight enemies at once.


   Skills:
 + Level 2.9 Fighting
 + Level 3.3 Dodging
 + Level 3.7 Stealth
 * Level 5.0 Unarmed Combat
 - Level 2.0 Spellcasting
 - Level 2.0 Transmutations


You had 5 spell levels left.
You knew the following spells:

 Your Spells              Type           Power      Damage    Failure   Level
a - Beastly Appendage     Tmut           14%        N/A       10%         1
b - Spider Form           Tmut/Pois      4%         N/A       41%         3

Your spell library contained the following spells:

 Spells                   Type           Power      Damage    Failure   Level
 Wereblood                Tmut           7%         N/A       14%         2
 Ice Form                 Ice/Tmut       4%         N/A       82%         4

Inventory:

Hand Weapons
 b - a +1 dagger of protection (weapon) {short}
   (You took it off a kobold on level 1 of the Dungeon)
 k - a +0 fustibalus {sling}
   (You found it on level 4 of the Dungeon)
Missiles
 l - 13 stones {throwing}
Wands
 h - a wand of acid (9)
   (You found it on level 3 of the Dungeon)
Scrolls
 d - 3 scrolls of identify {unknown}
 e - a scroll of magic mapping {unknown}
 f - a scroll of noise {unknown}
 g - a scroll of brand weapon {unknown}
Potions
 a - 2 potions of invisibility {unknown}
 c - 2 potions of lignification {unknown}
 i - 2 potions of curing {unknown}
 j - a potion of flight {unknown}

Dungeon Overview and Level Annotations

Branches:
Dungeon (4/15)
 Temple: D:4-7

Altars:

Shops:
D:3 =?

Annotations:
D:3 3 runed translucent doors, croobank's ghost, amateur DrFE

.<..## #####.###.##.####.#.#.#
.....## ##.#.......##.#..#Z....#
......####....#.###.##.#..+Z..$##
......'...................+Z..$.#
......####....#.###.##.#..+....##
.....## #.......# #.......#W....#
....## ##.##.### #.#.#..##Z#.#.#
...## #.##.#####.#....###### #
#'## #.##(.g@...####.# #.#
#.########## #.# #.# #.# #.# #.##
#.# ####.######## ...## #.#
#......##.... ....#### #.#
#.##.#.##.### .......# #.#
#.##.#.##.# # ..####.###.#
#.##.#.##.### ..##.......#
#.##.........


You could see a gnoll.


Message History

(D) Dungeon
Where to? (Enter - D:2, ? - help)
You see here a +0 whip {mace}.
You see here a +0 dagger {short}.
There is a stone staircase leading down here.
You climb downwards.
Level annotation: 3 runed translucent doors, croobank's ghost, amateur DrFE
There is a stone staircase leading up here.
(D) Dungeon
Where to? (Enter - D:3, ? - help)
There is an open door here.
There is a stone staircase leading down here.
You climb downwards.
There is a stone staircase leading up here.
One of your tentacles grows a vicious spike.
MP[-1]
You lost 1 mp, and now have 8/9 mp.
No target in view!
No target in view!
No target in view!
Your transformation is almost over.
Your tentacle spike disappears.
A gnoll comes into view. It is wielding a +0 club.
MP[+1]
Your mp is fully restored (9).
Your +1 dagger of protection {short} goes still.
k - a +0 fustibalus (weapon)
{sling} You shoot a stone {throwing}.
The stone {throwing} hits the gnoll.
The gnoll shouts!
You shoot a stone {throwing}. The stone {throwing} hits the gnoll.
A gnoll comes into view. It is wielding a +0 club.
You shoot a stone {throwing}. The gnoll shouts!
The stone {throwing} hits the gnoll.
A gnoll comes into view. It is wielding a +0 spear.
You shoot a stone {throwing}. The gnoll shouts!
The stone {throwing} hits the gnoll.
A gnoll comes into view. It is wielding a +0 club.
You shoot a stone {throwing}.
The stone {throwing} barely misses the gnoll.
The gnoll shouts!
The stone {throwing} hits the gnoll.
You shoot a stone {throwing}.
The stone {throwing} closely misses the gnoll.
The stone {throwing} hits the gnoll.
The gnoll hits you with a +0 club.
HP[-5]
You take 5 damage, and now have 36/41 hp.
You shoot a stone {throwing}.
The stone {throwing} barely misses the gnoll.
The stone {throwing} hits the gnoll.
You kill the gnoll!
Your Unarmed Combat skill increases to level 5!
You shoot a stone {throwing}. The stone {throwing} hits the gnoll.
The gnoll hits you from afar with a +0 spear. x2
HP[-11]
You take 11 damage, and now have 25/41 hp.
MASSIVE DAMAGE!! (PAUSE) HP[+1] Unknown command.
There is a stone staircase leading up here.
HP[+1]
The gnoll hits you from afar with a +0 spear!
* * * LOW HITPOINT WARNING * * *
The gnoll barely misses you.
You climb upwards.
Level annotation: 3 runed translucent doors, croobank's ghost, amateur DrFE
There is a stone staircase leading down here.
HP[-7]
You take 7 damage, and now have 20/41 hp.
You are too injured to fight recklessly!
Fire: 15 stones {throwing}
Press: ? - help, Q - select action, (/) - cycle Shift-Dir - straight line, f - gnoll
Aim: a gnoll, wielding a +0 club (heavily wounded, 58% to hit)
You shoot a stone {throwing}.
The stone {throwing} barely misses the gnoll.
The gnoll hits you with a +0 club!
* * * LOW HITPOINT WARNING * * *
HP[-8]
You take 8 damage, and now have 12/41 hp.
Fire: 14 stones {throwing}
Press: ? - help, Q - select action, (/) - cycle Shift-Dir - straight line, f/p - gnoll
Aim: a gnoll, wielding a +0 club (heavily wounded, 58% to hit)
You shoot a stone {throwing}.
The stone {throwing} closely misses the gnoll.
The gnoll hits you with a +0 club!
* * * LOW HITPOINT WARNING * * *
HP[-7]
You take 7 damage, and now have 5/41 hp.
Your +1 dagger of protection {short} hums with potential!
b - a +1 dagger of protection (weapon)
{short} The gnoll hits you with a +0 club.
* * * LOW HITPOINT WARNING * * *
HP[-3]
You take 3 damage, and now have 2/41 hp.
You hit the gnoll.
Your weapon exudes an aura of protection.
You grab the gnoll. You squeeze the gnoll. You constrict the gnoll.
The gnoll hits you with a +0 club.
You die...

Skill      XL: |  1  2  3  4  5  6 |
---------------+-------------------+-----
Stealth        | 1 2 3 |  3.7
Fighting       | 2 |  2.9
Unarmed Combat | 4 5 |  5.0
Dodging        | 3 |  3.3
Spellcasting   | |  2.0
Transmutations | |  2.0

Action                   |  1- 3 |  4- 6 || total
-------------------------+-------+-------++-------
Melee: Unarmed           |    18 |    10 ||    28
       Constrict         |    19 |    16 ||    35
       Kick              |    16 |    11 ||    27
       Tentacles         |    16 |    16 ||    32
       Dagger            |    55 |    62 ||   117
       Punch             |       |     3 ||     3
 Fire: Fustibalus        |       |    10 ||    10
 Cast: Beastly Appendage |    26 |    17 ||    43
       Spider Form       |       |     2 ||     2
 Stab: Sleeping          |     6 |    10 ||    16
Armor: Skin              |    12 |    10 ||    22
Dodge: Dodged            |    35 |    43 ||    78

Levels and vault maps discovered:
D:1:      dpeg_arrival_orchard, layout_loops_corners,
          ebering_ecumenical_altar_abandoned, minmay_misc_feat_chi
D:2:      layout_loops_ring
D:3:      layout_loops_corners, gammafunk_ghost_necromancy, serial_shops,
          nicolae_shop_hallway_plus, shop, uniq_terence
D:4:      layout_cave_pools, cheibrodos_worm_habitat, nicolae_ru_path_of_blood,
          minmay_temple_entry_butterflies

Notes
Turn   | Place    | Note
-------+----------+-------------------------------------------
     0 | D:1      | zeratav the Octopode Transmuter began the quest for the
                  | Orb.
     0 | D:1      | Reached XP level 1. HP: 13/13 MP: 3/3
     0 | D:1      | magus.rc [v1.9.6]
   367 | D:1      | Reached XP level 2. HP: 18/18 MP: 3/5
   413 | D:1      | Reached skill level 1 in Stealth
   820 | D:1      | Reached XP level 3. HP: 17/23 MP: 4/6
   922 | D:1      | Found a faded altar of an unknown god.
  1508 | D:2      | Reached skill level 2 in Stealth
  1573 | D:2      | Reached XP level 4. HP: 29/29 MP: 5/7
  2072 | D:3      | Reached skill level 2 in Fighting
  2072 | D:3      | Reached skill level 4 in Unarmed Combat
  2106 | D:3      | Reached XP level 5. HP: 16/34 MP: 8/8
  2295 | D:3      | Found Zemaffeurr's Magic Scroll Shop.
  2470 | D:3      | Noticed a centaur
  2477 | D:3      | Learned a level 3 spell: Spider Form
  2488 | D:3      | Killed a centaur
  2489 | D:3      | Reached skill level 3 in Dodging
  2489 | D:3      | Reached skill level 3 in Stealth
  2739 | D:3      | Noticed Terence
  2747 | D:3      | Killed Terence
  2748 | D:3      | Reached XP level 6. HP: 32/41 MP: 5/9
  2943 | D:3      | Found a runed translucent gate.
  2943 | D:3      | Found a runed translucent gate.
  2943 | D:3      | Found a runed translucent gate.
  2950 | D:3      | Noticed croobank's ghost (amateur DrFE)
  3243 | D:3      | Found Quereiga's Jewellery Emporium.
  3658 | D:4      | Reached skill level 5 in Unarmed Combat
  3671 | D:3      | HP: 5/41 [gnoll/+0 club (7)]
  3672 | D:3      | HP: 2/41 [gnoll/+0 club (3)]
  3673 | D:3      | Slain by a gnoll

Vanquished Creatures
  A centaur (D:3)
  A hound (D:4)
  Terence (D:3)
  An orc wizard (D:3)
  6 gnolls
  4 adders
  3 orcs (D:3)
  8 endoplasms
  2 giant cockroaches
  6 goblins
  5 hobgoblins
  5 quokkas
  6 ball pythons
  4 bats
  2 frilled lizards
  7 kobolds
  A quokka skeleton (D:4)
  3 rats
66 creatures vanquished.

Table legend:
 A = Non-vault XP
 B = Vault XP
 C = Vault XP percentage of total XP
 D = Non-vault monster count
 E = Vault monster count
 F = Vault count percentage of total count
                 A         B        C        D         E       F
            +---------+---------+-------+---------+---------+-------
      Total |     419 |      36 |   7.9 |      65 |       1 |   1.5
            +---------+---------+-------+---------+---------+-------
        D:1 |      51 |       0 |   0.0 |      23 |       0 |   0.0
        D:2 |      56 |       0 |   0.0 |      19 |       0 |   0.0
        D:3 |     252 |      36 |  12.5 |      18 |       1 |   5.3
        D:4 |      60 |       0 |   0.0 |       5 |       0 |   0.0
            +---------+---------+-------+---------+---------+-------

Illustrated notes

Table legend:
 A = Kills in this place as a percentage of kills in entire the game.
 B = Kills by you in this place as a percentage of kills by you in the entire game.
 C = Kills by friends in this place as a percentage of kills by friends in the entire game.
 D = Other kills in this place as a percentage of other kills in the entire game.
 E = Experience gained in this place as a percentage of experience gained in the entire game.
 F = Experience gained in this place divided by the number of levels of this place that you have seen.
                   A       B       C       D       E      F
               +-------+-------+-------+-------+-------+----------------------
         Total | 100.0 | 100.0 |   N/A |   N/A | 100.0 | 113.8
       Dungeon | 100.0 | 100.0 |   N/A |   N/A | 100.0 | 113.8
               +-------+-------+-------+-------+-------+----------------------

Table legend: (Time is in decaauts)
 A = Elapsed time spent in this place.
 B = Non-inter-level travel time spent in this place.
 C = Inter-level travel time spent in this place.
 D = Time resting spent in this place.
 E = Time spent auto-exploring this place.
 F = Levels seen in this place.
 G = Mean time per level.
                   A        B        C        D        E       F      G
               +--------+--------+--------+--------+--------+-----+--------+
         Total |   3667 |   3370 |    297 |    315 |   2568 |   4 |  916.8 |
       Dungeon |   3667 |   3370 |    297 |    315 |   2568 |   4 |  916.8 |
               +--------+--------+--------+--------+--------+-----+--------+

Top non-repeatable levels by time:
     D:3: 1400 daAuts
     D:1: 1377 daAuts
     D:2: 796 daAuts
     D:4: 93 daAuts
